 Dungeon Crawl Stone Soup version 0.31-a0-1074-g0b22e4e0f1 (webtiles) character file.

Game seed: 17045159391430268444

2196 drugrobin the Martial Artist (level 8, -3/62 HPs)
             Began as a Demigod Delver on Dec 5, 2023.
             Slain by an orc warrior
             ... wielding a +0 war axe
              (8 damage)
             ... on level 6 of the Dungeon.
             The game lasted 00:19:01 (7535 turns).

drugrobin the Martial Artist (Demigod Delver)       Turns: 7535, Time: 00:19:02

Health: -3/62      AC:  6    Str: 17    XL:     8   Next: 88%
Magic:  0/10       EV: 11    Int: 18    God:
Gold:   398        SH:  0    Dex: 19    Spells: 7/7 levels left

rFire   . .          .
                       - Unarmed
rCold   . . .        (no shield)
rNeg    . . .        v - +1 ring mail {Will+}
rPois   .            (helmet currently unavailable)
rElec   .            (cloak currently unavailable)
rCorr   .            (gloves currently unavailable)
SInv    .            (boots currently unavailable)
Will    +....        o - amulet of guardian spirit
Stlth   ++           s - +6 ring of intelligence
HPRegen 0.30/turn    (no ring)
MPRegen 0.12/turn

%: guardian spirit
@: beast-form
A: beast (slay +3), high MP 1, forlorn, divine attributes
a: Begin Untransformation


You were on level 6 of the Dungeon.
You were a hulking beast.
You visited 1 branch of the dungeon, and saw 7 of its levels.

You collected 398 gold pieces.

Inventory:

Hand Weapons
 a - a +2 short sword of speed
 c - a +0 spear of venom
Missiles
 r - 2 boomerangs (quivered)
Armour
 g - a +0 cloak
 v - a +1 ring mail of willpower (worn)
Jewellery
 o - an amulet of guardian spirit (around neck)
 s - a +6 ring of intelligence (left hand)
Talismans
 k - a flux talisman
 n - a beast talisman (active)
 u - a talisman of death
Wands
 f - a wand of digging (3)
 j - a wand of iceblast (1)
 y - a wand of flame (10)
Scrolls
 b - a scroll of fog
 h - a scroll of silence
 i - 5 scrolls of identify
 l - a scroll of noise
 m - 2 scrolls of blinking
 p - 2 scrolls of revelation
 q - a scroll of vulnerability
 w - a scroll of enchant weapon
 A - a scroll of teleportation
Potions
 e - a potion of haste
 t - a potion of enlightenment
 x - a potion of lignification
 z - a potion of attraction


   Skills:
 - Level 2.6 Fighting
 - Level 1.7 Dodging
 - Level 4.5 Stealth
 * Level 9.3 Unarmed Combat
 + Level 5.6 Shapeshifting


You had 7 spell levels left.
You didn't know any spells.
Your spell library contained the following spells:

 Spells                   Type           Power      Damage    Failure   Level
 Necrotise                Necr           0%         1d4       38%         1
 Static Discharge         Conj/Air       0%         3-3/arc   52%         2
 Vampiric Draining        Necr           0%         2d6       77%         3
 Airstrike                Air            0%         2d(0-16)  99%         4
 Olgreb's Toxic Radiance  Pois           0%         N/A       99%         4
 Summon Lightning Spire   Summ/Air       0%         N/A       99%         4
 Agony                    Necr           0%         N/A       100%        5
 Discord                  Hex            0%         N/A       100%        8
 Ignition                 Fire           0%         3d3       100%        8


Dungeon Overview and Level Annotations

Branches:
Dungeon (7/15)             Temple (0/1) D:4

Annotations:
D:2 exclusion: goblin
D:3 Ijyb
D:4 exclusion: scorpion
D:6 exclusion: downstairs


Innate Abilities, Weirdness & Mutations

You are a hulking beast.
Your limbs bulge with bestial killing power. (Slay +3)
You have an increased reservoir of magic. (+10% MP)
You shall have no god before yourself.
Your divine heritage dramatically boosts your attributes as you level up.


Message History

You barely miss the orc warrior.
The orc warrior is lightly wounded.
The orc warrior closely misses you.
You hit the orc warrior.
The orc warrior is lightly wounded.
The orc warrior barely misses you.
You hit the orc warrior but do no damage.
The orc warrior is lightly wounded.
The orc warrior hits you with a +0 war axe.
You hit the orc warrior.
The orc warrior is moderately wounded.
You closely miss the orc warrior.
The orc warrior is moderately wounded.
The orc warrior hits you with a +0 war axe.
You closely miss the orc warrior.
The orc warrior is moderately wounded.
The orc warrior hits you with a +0 war axe!
* * * LOW HITPOINT WARNING * * *
You punch the orc warrior!
You punch the orc warrior, but do no damage.
The orc warrior is heavily wounded.
The orc warrior hits you with a +0 war axe!
* * * LOW HITPOINT WARNING * * *
Unknown command.
Attack: -) Nothing wielded
Press: ? - help, Dir - move target, f - orc warrior
Aim: an orc warrior, wielding a +0 war axe and wearing a +2 chain mail of fire resistance (heavily wounded, about 30% to evade your hands)
Okay, then.
Unknown command.
Unknown command.
Okay, then.
Okay, then.
Unknown command.
Okay, then.
Unknown command.
Unknown command.
You hit the orc warrior but do no damage.
The orc warrior is heavily wounded.
The orc warrior hits you with a +0 war axe!
You die...

######..## #........##.#
.........###........#..#
.#######..##........#.##
.##.....<.##..........#
.##.#####...####....###
###+#######.###..####
##.......##..##.##
##.....[.###.)..#####
.'.......# ####>ho..#
##.[.....# #####.###
#.......# #...#
#.......# #.###
######### #.# #.# #.#
#.# ##############
####.#


You could see an orc warrior.

Vanquished Creatures
  A wyvern (D:7)
  A wraith (D:6)
  A steam dragon (D:6)
  A water moccasin (D:6)
  An ice beast (D:6)
  A black bear (D:5)
  A sky beast (D:5)
  2 ogres
  2 bullfrogs (D:6)
  2 scorpions (D:6)
  2 killer bees (D:6)
  A howler monkey (D:7)
  3 jellies
  6 hounds
  2 orc priests
  A gnoll bouda (D:5)
  7 iguanas
  An orc wizard (D:6)
  12 gnolls
  8 adders
  2 ufetubi (D:5)
  4 dart slugs
  9 orcs
  7 ball pythons
  4 endoplasms
  4 giant cockroaches
  9 goblins
  6 hobgoblins
  6 kobolds
  A quokka (D:3)
  8 bats
  6 frilled lizards
  4 rats
126 creatures vanquished.

Notes
Turn   | Place    | Note
-------+----------+-------------------------------------------
     0 | D:5      | drugrobin the Demigod Delver began the quest for the Orb.
     0 | D:5      | Reached XP level 1. HP: 18/18 MP: 3/3
    12 | D:4      | Noticed a scorpion
    69 | D:3      | Reached skill level 2 in Unarmed Combat
   246 | D:3      | Noticed Ijyb
   284 | D:3      | Reached XP level 2. HP: 22/25 MP: 4/4
   722 | D:2      | Reached skill level 3 in Unarmed Combat
   844 | D:2      | Reached XP level 3. HP: 30/30 MP: 5/5
  1672 | D:2      | Reached skill level 1 in Shapeshifting
  2525 | D:4      | Reached XP level 4. HP: 36/37 MP: 6/6
  2644 | D:4      | Found a staircase to the Ecumenical Temple.
  2670 | D:4      | Identified the +5 short sword of a bailey {spect, rElec rF-
                  | Str+6}
  2880 | D:4      | Reached skill level 4 in Unarmed Combat
  3602 | D:4      | Reached XP level 5. HP: 42/42 MP: 7/7
  3828 | D:5      | Noticed a sky beast
  3848 | D:5      | Killed a sky beast
  3849 | D:5      | Reached skill level 5 in Unarmed Combat
  3867 | D:5      | Reached XP level 6. HP: 9/50 MP: 2/8
  4320 | D:5      | Reached skill level 6 in Unarmed Combat
  4432 | D:5      | Reached XP level 7. HP: 42/56 MP: 7/9
  5062 | D:6      | Noticed a wraith
  5084 | D:6      | Killed a wraith
  5085 | D:6      | Reached skill level 7 in Unarmed Combat
  5411 | D:6      | Noticed a steam dragon
  5698 | D:6      | Reached XP level 8. HP: 62/62 MP: 10/10
  5721 | D:6      | Reached skill level 8 in Unarmed Combat
  6133 | D:6      | HP: 1/62 [steam dragon/ball of steam (15)]
  6137 | D:6      | Reached skill level 5 in Shapeshifting
  6913 | D:7      | Reached skill level 9 in Unarmed Combat
  7243 | D:7      | Identified the +9 flail "Tedd" {venom, *Corrode rF+ rN+++}
  7319 | D:6      | HP: 2/62 [orc warrior/arrow (5)]
  7535 | D:6      | Slain by an orc warrior

Illustrated notes

Levels and vault maps discovered:
D:1:      dpeg_arrival_solitude, layout_rooms,
          wander_ebering_terrifying_dragon_lair
D:2:      layout_loops_ring, hellmonk_ecumenical_altar_arch_garden
D:3:      layout_loops_ring, kennysheep_generic_room_16, uniq_ijyb
D:4:      layout_rooms, pdpol_temple_overflow_zin_treasury_gozag_greed,
          mainiacjoe_overflow_surrounded_room, minmay_temple_entry_offerings,
          serial_co_window_serial, co_window_paths_a, co_window_corner_a,
          co_window_corner_a, co_window_of_opportunity_a, co_window_paths_a,
          co_window_corner_a, co_window_corner_a, co_window_corner_a,
          co_window_corner_a, co_window_of_opportunity_b,
          co_window_unsneaky_path_c, co_window_broadway_a, co_window_corner_ca,
          co_window_corner_cb, glass_columns_b, glass_columns_c,
          glass_columns_b, glass_columns_b
D:5:      layout_cave_pools, lemuel_doored_altar
D:6:      layout_basic
D:7:      layout_rooms, mainiacjoe_overflow_alcove_4

Skill      XL: |  1  2  3  4  5  6  7  8 |
---------------+-------------------------+-----
Unarmed Combat | 2 3 4 5 6 7 9 |  9.3
Shapeshifting  | 1 2 3 4 5 |  5.6
Fighting       | |  2.6
Dodging        | |  1.7
Stealth        | |  4.5

Action                     |  1- 3 |  4- 6 |  7- 9 || total
---------------------------+-------+-------+-------++-------
  Melee: Short sword       |    56 |     5 |    15 ||    76
         Unarmed           |    60 |   143 |   187 ||   390
         Punch             |     2 |     6 |    11 ||    19
  Throw: Boomerang         |       |     6 |    47 ||    53
  Evoke: Wand              |     1 |     2 |     7 ||    10
    Use: Scroll            |       |       |    10 ||    10
         Potion            |       |       |     3 ||     3
   Stab: Sleeping          |    13 |     3 |       ||    16
         Distracted        |     2 |       |       ||     2
 Armour: Leather armour    |    50 |       |       ||    50
         Ring mail         |       |    89 |   157 ||   246
  Dodge: Dodged            |    46 |    60 |   103 ||   209
   Form: Beast             |     1 |       |       ||     1

Table legend: (Time is in decaauts)
 A = Elapsed time spent in this place.
 B = Non-inter-level travel time spent in this place.
 C = Inter-level travel time spent in this place.
 D = Time resting spent in this place.
 E = Time spent auto-exploring this place.
 F = Levels seen in this place.
 G = Mean time per level.
                   A        B        C        D        E       F      G
               +--------+--------+--------+--------+--------+-----+--------+
         Total |   7506 |   7141 |    365 |   1443 |   3843 |   7 | 1072.3 |
       Dungeon |   7506 |   7141 |    365 |   1443 |   3843 |   7 | 1072.3 |
               +--------+--------+--------+--------+--------+-----+--------+

Top non-repeatable levels by time:
     D:6: 2074 daAuts
     D:5: 1479 daAuts
     D:4: 1294 daAuts
     D:2: 960 daAuts
     D:3: 792 daAuts
     D:1: 648 daAuts
     D:7: 256 daAuts
